 Dungeon Crawl Stone Soup version 0.18.1-5-g4a78601 (console) character file.

6801 BulkMonkey the Cleaver (level 10, -9/88 HPs)
             Began as a Deep Dwarf Wanderer on May 12, 2016.
             Was a Priest of Pakellas.
             Mangled by an ogre
             ... wielding a +0 giant spiked club
              (16 damage)
             ... on level 11 of the Dungeon.
             The game lasted 00:28:48 (8711 turns).

BulkMonkey the Cleaver (Deep Dwarf Wanderer)        Turns: 8711, Time: 00:28:49

Health: -9/88      AC: 13    Str: 20    XL:     10   Next: 76%
Magic:  3/10       EV:  9    Int: 15    God:    Pakellas [***...]
Gold:   608        SH:  0    Dex: 13    Spells: 0 memorised, 9 levels left

rFire  . . .     SeeInvis +     I - +1 battleaxe
rCold  . . .     Gourm    .     a - +2 scale mail
rNeg   . . .     Faith    +     (shield currently unavailable)
rPois  .         Spirit   .     l - +0 helmet
rElec  .         Dismiss  .     p - +0 cloak
rCorr  .         Reflect  .     B - +1 pair of gloves
SustAt .         Harm     .     (no boots)
MR     +....                    x - amulet of faith
Stlth  ..........               G - +4 ring of dexterity
                                E - ring of see invisible

@: non-regenerating, somewhat resistant to hostile enchantments, extremely
unstealthy
A: damage resistance, recharge devices, sense surroundings 2, slow regeneration
3, wild magic 1
a: Device Recharging, Quick Charge, Device Surge, Renounce Religion


You were on level 11 of the Dungeon.
You worshipped Pakellas.
Pakellas was most pleased with you.
You were hungry.

You visited 2 branches of the dungeon, and saw 12 of its levels.
You also visited: Sewer.

You collected 608 gold pieces.

Inventory:

Hand Weapons
 I - a +1 battleaxe (weapon)
 K - a +0 blowgun
Missiles
 k - 7 tomahawks (quivered)
 L - 31 poisoned needles
Armour
 a - a +2 scale mail (worn)
 l - a +0 helmet (worn)
 p - a +0 cloak (worn)
 B - a +1 pair of gloves (worn)
Jewellery
 x - an amulet of faith (around neck)
 y - an uncursed amulet of rage
 E - a ring of see invisible (left hand)
 G - a +4 ring of dexterity (right hand)
Wands
 d - a wand of heal wounds (1/9)
 j - a wand of enslavement (5/24)
 w - a wand of polymorph (5/24)
 O - a wand of flame (22/48)
 R - a wand of iceblast (0/15)
Scrolls
 b - a scroll of summoning {unknown}
 e - 5 scrolls of teleportation
 h - 2 scrolls of enchant weapon
 i - a scroll of blinking
 q - 2 scrolls of fog
 C - 4 scrolls of recharging {unknown}
 P - a scroll of random uselessness {unknown}
 Q - 2 scrolls of noise {unknown}
Potions
 c - a potion of curing
 m - 3 potions of haste
 r - a potion of flight
 s - a potion of lignification {unknown}
 t - 4 potions of agility {unknown}
 u - a potion of invisibility {unknown}
 z - a potion of ambrosia {unknown}
 D - a potion of might {unknown}
 F - a potion of cure mutation {unknown}
Books
 A - a book of the Dragon

   Spells                             Type                      Level
   a - Flame Tongue                   Conjuration/Fire             1
   b - Cause Fear                     Hexes                        4
   c - Bolt of Fire                   Conjuration/Fire             6
   d - Dragon Form                    Transmutation                7
   e - Dragon's Call                  Summoning                    9
 M - a book of Minor Magic

   Spells                             Type                      Level
   a - Magic Dart                     Conjuration                  1
   b - Blink                          Translocation                2
   c - Call Imp                       Summoning                    2
   d - Repel Missiles                 Charms/Air                   2
   e - Slow                           Hexes                        2
   f - Conjure Flame                  Conjuration/Fire             3
   g - Mephitic Cloud                 Conjuration/Poison/Air       3
 N - a book of Callings

   Spells                             Type                      Level
   a - Summon Small Mammal            Summoning                    1
   b - Call Imp                       Summoning                    2
   c - Call Canine Familiar           Summoning                    3
   d - Summon Guardian Golem          Hexes/Summoning              3
   e - Summon Lightning Spire         Summoning/Air                4
   f - Summon Ice Beast               Ice/Summoning                4
Miscellaneous
 H - a box of beasts {used: 4}
 T - a stone of tremors
Comestibles
 f - 10 bread rations
 g - 4 meat rations
 n - 3 slices of pizza
 o - 4 beef jerkies
 v - 10 royal jellies
 J - 7 fruits
 S - 5 chunks of flesh


   Skills:
 - Level 5.5 Fighting
 - Level 14.9(15.0) Axes
   Level 2.0(9.4) Maces & Flails
 - Level 4.3 Armour
 + Level 7.5 Evocations


You had 9 spell levels left.
You didn't know any spells.

Dungeon Overview and Level Annotations

Branches:
Dungeon (11/15)            Temple (1/1) D:4
   Lair: D:8-11         Orc: D:9-12

Altars:
Ashenzari
Cheibriados
Dithmenos
Elyvilon
Fedhas
Gozag
Kikubaaqudgha
Makhleb
Nemelex Xobeh
Okawaru
Pakellas
Qazlal
Ru
Sif Muna
Trog
Vehumet
Xom
Yredelemnul
Zin
The Shining One


Innate Abilities, Weirdness & Mutations

You are resistant to damage.
You can recharge devices by infusing magical energy.
You passively map the area around you.
You do not regenerate naturally.
Your spells are a little harder to cast, but a little more powerful.


Message History

The hound is lightly wounded.
The hound bites you. The hound bites you but does no damage.
Unknown command.
You hit the hound.
The hound is moderately wounded.
You barely miss the ogre.
The ogre hits you with a giant spiked club!!
* * * LOW HITPOINT WARNING * * *
The hound barely misses you.
You are too injured to fight recklessly!
Unknown command.
Evoke which item? (* to show all) (? for menu, Esc to quit)
Okay, then.
Charge which item? (? for menu, Esc to quit)
Your wand of heal wounds (0/9) glows for a moment and now has 1 charge.
You are feeling hungry.
The hound bites you but does no damage.
The ogre hits you with a giant spiked club!
You die...
Pakellas says: Time to find a new assistant...

#. #. * #. * * *,*
* ##.* ** ** ,, , ,
.H, ,,,, , * *##. *
*, * *
##..########.#.# **
* *#...<.O@hr......
* ,
.......########....
**.#.####* * . * ,
, * *, * * ,* , *,
*** , *, , , *


You could see an ogre, a hound and a quokka.

Vanquished Creatures
  A komodo dragon (D:10)
  A two-headed ogre (D:10)
  2 wyverns
  4 yaks (D:10)
  A hippogriff (D:11)
  A soldier ant (D:9)
  2 water moccasins
  2 ice beasts
  An orc warrior (D:7)
  4 phantoms
  3 wasps (D:9)
  2 sky beasts (D:8)
  2 black bears
  The ghost of Shenda the Ruffian, an amateur DrTm (D:3)
  4 centaurs
  2 ogres
  3 wolves (D:8)
  A crocodile (Sewer)
  3 big kobolds
  4 giant frogs
  The ghost of DEFE the Ducker, an amateur FeWr of Okawaru (D:4)
  A wyvern zombie (D:10)
  3 scorpions
  5 wights
  4 killer bees (D:7)
  2 howler monkeys
  A giant frog zombie (D:9)
  4 crimson imps
  A centaur zombie (D:7)
  4 jellies
  2 hounds
  10 orc priests
  Crazy Yiuf (D:2)
  2 centaur skeletons
  7 orc wizards
  A giant frog skeleton (D:8)
  3 iguanas
  Ijyb (D:2)
  4 worker ants
  A killer bee zombie (D:6)
  A sheep (D:6)
  A hound zombie (D:6)
  2 hound skeletons
  5 gnolls (D:6)
  14 adders
  2 shadow imps
  2 oozes
  An adder zombie (D:7)
  3 worms
  2 dart slugs
  5 giant geckos
  21 orcs
  A ball python (D:1)
  5 bats
  7 giant cockroaches
  14 goblins
  7 hobgoblins
  5 jackals
  5 quokkas
  A giant gecko zombie (D:7)
  5 giant newts
  22 kobolds
  A quokka skeleton (D:4)
  A quokka zombie (D:9)
  12 rats
247 creatures vanquished.

Vanquished Creatures (collateral kills)
  A troll (D:10)
  An orc priest (D:10)
  An orc wizard (D:10)
  2 orcs (D:10)
5 creatures vanquished.

Vanquished Creatures (others)
  An orc warrior (D:10)
1 creature vanquished.

Grand Total: 253 creatures vanquished

Notes
Turn   | Place    | Note
--------------------------------------------------------------
     0 | D:1      | BulkMonkey the Deep Dwarf Wanderer began the quest for the Orb.
     0 | D:1      | BulkMonkey set off with: a +2 scale mail, a +0 mace, a potion of curing, a wand of heal wounds (5/9), a bread ration
     0 | D:1      | Reached XP level 1. HP: 19/19 MP: 2/2
   222 | D:1      | Reached XP level 2. HP: 25/27 MP: 4/4
   854 | D:2      | Found a shattered altar of Ashenzari.
   868 | D:2      | Reached XP level 3. HP: 17/34 MP: 5/5
   979 | D:2      | Found a faded altar to an unknown god.
  1098 | D:2      | Reached XP level 4. HP: 38/44 MP: 6/6
  1152 | D:2      | Noticed Crazy Yiuf
  1160 | D:2      | Killed Crazy Yiuf
  1610 | D:2      | Noticed Ijyb
  1651 | D:2      | Killed Ijyb
  1651 | D:2      | Reached XP level 5. HP: 27/51 MP: 7/7
  1774 | D:3      | Found an iron altar of Okawaru.
  1878 | D:3      | Reached skill level 5 in Fighting
  1924 | D:3      | Noticed Shenda's ghost (amateur DrTm)
  1936 | D:3      | Found a sparkling altar of Nemelex Xobeh.
  1958 | D:3      | Found a shadowy altar of Dithmenos.
  2087 | D:3      | Killed Shenda's ghost
  2087 | D:3      | Reached skill level 2 in Axes
  2087 | D:3      | Reached XP level 6. HP: 61/61 MP: 8/8
  2545 | D:4      | Found a staircase to the Ecumenical Temple.
  2565 | Temple   | Entered the Ecumenical Temple
  2657 | Temple   | Became a worshipper of Pakellas the Inventive
  2769 | D:4      | Noticed DEFE's ghost (amateur FeWr)
  2883 | D:4      | Found a blossoming altar of Fedhas.
  2954 | D:4      | Found a glowing drain.
  2961 | Sewer    | Entered a sewer
  3021 | Sewer    | Reached skill level 3 in Axes
  3144 | D:4      | Killed DEFE's ghost
  3144 | D:4      | Reached skill level 4 in Axes
  3203 | D:4      | Found an opulent altar of Gozag.
  3664 | D:5      | Entered Level 5 of the Dungeon
  3664 | D:5      | Noticed a water moccasin
  3704 | D:5      | Killed a water moccasin
  3704 | D:5      | Reached * piety under Pakellas
  3704 | D:5      | Received a gift from Pakellas
  3704 | D:5      | Reached skill level 5 in Axes
  3704 | D:5      | Reached XP level 7. HP: 41/67 MP: 7/7
  3815 | D:5      | Reached skill level 6 in Axes
  4023 | D:5      | Reached skill level 7 in Axes
  4177 | D:5      | Found a white marble altar of Elyvilon.
  4477 | D:6      | Reached XP level 8. HP: 35/75 MP: 3/8
  4541 | D:6      | Reached skill level 8 in Axes
  4681 | D:6      | Reached skill level 9 in Axes
  5069 | D:6      | Reached skill level 10 in Axes
  5681 | D:7      | Gained mutation: You passively map the area around you. [Deep Dwarf growth]
  5681 | D:7      | Reached XP level 9. HP: 39/81 MP: 4/8
  5872 | D:7      | Reached skill level 11 in Axes
  5917 | D:7      | Found a burning altar of Makhleb.
  6154 | D:7      | Reached ** piety under Pakellas
  6154 | D:7      | Received a gift from Pakellas
  6249 | D:7      | Reached skill level 12 in Axes
  6450 | D:8      | Noticed Grum
  6486 | D:8      | Noticed Grum
  6486 | D:8      | Grum changed into Grum the killer bee
  6487 | D:8      | Noticed Grum
  6487 | D:8      | Grum the killer bee changed into Grum the scorpion
  6490 | D:8      | Killed Grum the scorpion
  6498 | D:8      | Reached skill level 13 in Axes
  6514 | D:8      | Gained mutation: Your spells are a little harder to cast, but a little more powerful. [mutagenic meat]
  6515 | D:8      | Gained mutation: Your muscles are strong. (Str +2) [mutagenic meat]
  6516 | D:8      | Gained mutation: Your mind is acute. (Int +2) [mutagenic meat]
  6517 | D:8      | Lost mutation: Your mind is acute. (Int +2) [mutagenic meat]
  6518 | D:8      | Lost mutation: Your muscles are strong. (Str +2) [mutagenic meat]
  6899 | D:8      | Reached XP level 10. HP: 43/88 MP: 8/8
  7372 | D:9      | Reached *** piety under Pakellas
  7372 | D:9      | Received a gift from Pakellas
  7372 | D:9      | Reached skill level 14 in Axes
  7594 | D:9      | Found a basalt altar of Yredelemnul.
  7795 | D:10     | Entered Level 10 of the Dungeon
  7999 | D:10     | Reached **** piety under Pakellas
  7999 | D:10     | Received a gift from Pakellas
  8268 | D:10     | Reached skill level 5 in Evocations
  8711 | D:11     | Mangled by an ogre

Skill      XL: |  1  2  3  4  5  6  7  8  9 10 |
---------------+-------------------------------+-----
Fighting       | 2 3 4 5 |  5.5
Axes           | 2 5 7 10 13 14 | 14.9
Evocations     | 7 |  7.5
Maces & Flails | |  2.0
Armour         | |  4.3

Action                   |  1- 3 |  4- 6 |  7- 9 | 10-12 || total
-------------------------+-------+-------+-------+-------++-------
Melee: Mace              |   152 |   134 |       |       ||   286
       War axe           |       |   205 |   499 |       ||   704
       Battleaxe         |       |       |    93 |   195 ||   288
Throw: Tomahawk          |       |       |     4 |       ||     4
Invok: Quick Charge      |       |       |    19 |     9 ||    28
 Abil: Device Recharging |       |     2 |     2 |     1 ||     5
Evoke: Wand              |     1 |    10 |    34 |    21 ||    66
       Box of beasts     |       |       |       |     4 ||     4
  Use: Scroll            |       |     7 |     6 |     1 ||    14
       Potion            |       |     3 |     1 |     2 ||     6
  Eat: Chunk             |     1 |     9 |    20 |     7 ||    37
Armor: Scale mail        |   137 |   254 |   367 |   118 ||   876
Dodge: Dodged            |   107 |   197 |   297 |    99 ||   700
